 Dungeon Sprint DCSS version 0.22.1-1-ga44c0e5 (webtiles) character file.

85 aMcNicky the Quickloader (level 8, -3/80 HPs)
             Began as a Centaur Hunter on Nov 10, 2018.
             Was an Elder of Dithmenos.
             Killed from afar by a bog body (12 damage)
             ... with a bolt of cold
             ... in the Dungeon (Sprint VI: "Thunderdome").
             The game lasted 00:07:23 (442 turns).

aMcNicky the Quickloader (Centaur Hunter)            Turns: 442, Time: 00:07:23

Health: -3/80      AC:  4    Str: 15    XL:     8   Next: 23%
Magic:  8/8        EV: 12    Int: 10    God:    Dithmenos [****..]
Gold:   340        SH:  0    Dex: 12    Spells: 7/7 levels left

rFire    . . .     SeeInvis .   a - +1 hand crossbow
rCold    . . .     Gourm    .   (no shield)
rNeg     . . .     Faith    .   c - +0 leather armour
rPois    .         Spirit   .   (no helmet)
rElec    .         Reflect  .   (no cloak)
rCorr    .         Harm     .   (no gloves)
MR       .....     NoTele   +   (no barding)
Stlth    +.........             (no amulet)
HPRegen  0.23/turn              (no ring)
MPRegen  0.11/turn              (no ring)

@: very slightly contaminated, wreathed by umbra, very quick
A: large, hooves 3, deformed body, speed 2, tough skin 3
a: Shadow Step, Renounce Religion


You were in the Dungeon.
You worshipped Dithmenos.
Dithmenos was greatly pleased with you.
You were not hungry.

You visited 1 branch You collected 340 gold pieces.

Inventory:

Hand Weapons
 a - a +1 hand crossbow (weapon)
 b - a +0 short sword
Missiles
 d - 3 bolts (quivered)
Armour
 c - a +0 leather armour (worn)
Wands
 l - a wand of acid (1)
Scrolls
 n - 3 scrolls of fog
Potions
 g - 2 potions of heal wounds {@q2}
 h - 4 potions of haste {@q3}
 i - 2 potions of magic
 j - a potion of berserk rage
 o - a potion of resistance
Comestibles
 f - a ration {@e1}


   Skills:
 * Level 10.3 Fighting
 * Level 13.6 Crossbows
 + Level 6.9 Dodging
 - Level 1.1 Stealth


You had 7 spell levels left.
You didn't know any spells.
Your spell library was empty.

Dungeon Overview and Level Annotations

Branches:
Dungeon (1/1)

Altars:
Cheibriados
Dithmenos
Fedhas
Gozag
Kikubaaqudgha
Makhleb
Okawaru
Qazlal
Ru
Sif Muna
Trog
Uskayaw
Vehumet
Wu Jian
Xom
Yredelemnul
Zin
The Shining One
Beogh
Jiyva
Lugonu

Shops:
D *[%??*?*:[((!!!!


Innate Abilities, Weirdness & Mutations

You have hooves in place of feet.
Armour fits poorly on your strangely shaped body.
You cover ground very quickly.
You have extremely tough skin. (AC +3)


Message History

You shoot a bolt. The bolt hits the vampire mosquito!
The vampire mosquito is almost destroyed.
The vampire mosquito barely misses you.
Firing (i - inventory)
d - 4 bolts (quivered)
Press: ? - help, Shift-Dir - straight line, f/p - vampire mosquito
Aim: a vampire mosquito (almost destroyed, umbra)
You shoot a bolt. The bolt hits the vampire mosquito!
You destroy the vampire mosquito!
Dithmenos accepts your kill.
A tyrant leech comes into view.
All of the chunks of flesh in your inventory have rotted away.
Okay, then.
Aiming: Shadow Step
Press: ? - help, Dir - move target cursor, f - bog body
Aim: a bog body (severely damaged, umbra)
Okay, then.
You feel yourself speed up.
The bog body points at you and mumbles some strange words.
The bolt of cold hits you!
You die...

##.....## ##∩.....∩##
#∩..w....∩# #........_#
#........_# #_......._#
###.........### #(.....v.....⌠#
######.8......@..8.######
##∩___....nn###......___∩##
##∩......(.8.# #.8..[.....∩###
.............###.............##
..........###...###..........⌠#
........(.# #.<.# #..........⌠#
..........###...###...(......⌠#
.............###.....(.......##
##∩......n.8.# #.8........∩###


You could see a tyrant leech, 2 bog bodies and an insubstantial wisp.

Vanquished Creatures
  A shining eye (D)
  Grinder (D)
  Sigmund (D)
  A vampire mosquito (D)
  3 floating eyes (D)
  2 quasits (D)
  An adder (D)
  A shadow imp (D)
  An ufetubus (D)
  2 oozes (D)
  A bat (D)
15 creatures vanquished.

Notes
Turn   | Place    | Note
-------+----------+-------------------------------------------
     0 | D        | aMcNicky the Centaur Hunter began the quest for the Orb.
     0 | D        | Reached XP level 1. HP: 17/17 MP: 1/1
     2 | D        | Found a snail-covered altar of Cheibriados.
     2 | D        | Found a corrupted altar of Lugonu.
     3 | D        | Found a radiant altar of Vehumet.
     4 | D        | Found a basalt altar of Yredelemnul.
     4 | D        | Found an ornate altar of the Wu Jian Council.
     5 | D        | Found Viexaitz's Delicious Food.
     5 | D        | Found a roughly hewn altar of Beogh.
     5 | D        | Found an iron altar of Okawaru.
     5 | D        | Found Ilumup's Identification Station.
     6 | D        | Found Gitisch's Jewellery.
     6 | D        | Found Yxtiefak's Advanced Armour.
     8 | D        | Round 1.
    12 | D        | Found an opulent altar of Gozag.
    13 | D        | Found a shimmering altar of Xom.
    13 | D        | Found a shadowy altar of Dithmenos.
    13 | D        | Found Nupseuk's Magic Scroll Shop.
    13 | D        | Found Uhau's Staff Store.
    14 | D        | Found Nar Mys's Magic Scroll Shop.
    14 | D        | Found Janwamor's Must-Have Magic.
    16 | D        | Found a blossoming altar of Fedhas.
    20 | D        | Became a worshipper of Dithmenos the Shadowed
    23 | D        | Reached skill level 1 in Stealth
    29 | D        | Found an ancient bone altar of Kikubaaqudgha.
    29 | D        | Found a burning altar of Makhleb.
    29 | D        | Found Aqeoxt's Distillery.
    29 | D        | Found Feobocieg's Distillery.
    30 | D        | Found Jahof's Bottled Wisdom.
    31 | D        | Found a bloodstained altar of Trog.
    31 | D        | Found a glowing golden altar of the Shining One.
    31 | D        | Found a stormy altar of Qazlal.
    31 | D        | Found Zaugipni's Do-It-Yourself Clinic.
    36 | D        | Found a sacrificial altar of Ru.
    37 | D        | Noticed a quasit
    43 | D        | Killed a quasit
    43 | D        | Reached skill level 6 in Crossbows
    43 | D        | Reached XP level 2. HP: 25/27 MP: 2/2
    43 | D        | Reached XP level 3. HP: 31/33 MP: 3/3
    44 | D        | Found a deep blue altar of Sif Muna.
    45 | D        | Found a hide-covered altar of Uskayaw.
    45 | D        | Found a glowing silver altar of Zin.
    45 | D        | Found a viscous altar of Jiyva.
    45 | D        | Found Ytogiwul's Weapon Rack.
    45 | D        | Found Rutodim's Premium Goods.
    46 | D        | Found Nohyeps's Basic Armour.
    46 | D        | Found Hicuk's Miscellaneous Merchandise.
    68 | D        | Reached * piety under Dithmenos
    80 | D        | Reached skill level 7 in Crossbows
    80 | D        | Reached XP level 4. HP: 36/41 MP: 4/4
   124 | D        | Noticed Grinder
   131 | D        | Paralysed by Grinder for 5 turns
   138 | D        | Killed Grinder
   138 | D        | Reached ** piety under Dithmenos
   138 | D        | Reached skill level 10 in Crossbows
   138 | D        | Reached XP level 5. HP: 42/51 MP: 5/5
   147 | D        | Arena points: 6 (+6) [x1]
   167 | D        | Round 2.
   196 | D        | Noticed Sigmund
   203 | D        | Reached XP level 6. HP: 50/58 MP: 6/6
   210 | D        | Killed Sigmund
   210 | D        | Reached skill level 11 in Crossbows
   210 | D        | Reached skill level 5 in Dodging
   240 | D        | Arena points: 22 (+16) [x2]
   255 | D        | Round 3.
   257 | D        | Reached *** piety under Dithmenos
   258 | D        | Noticed a floating eye
   261 | D        | Killed a floating eye
   261 | D        | Reached skill level 12 in Crossbows
   261 | D        | Reached XP level 7. HP: 56/68 MP: 7/7
   296 | D        | Noticed a shining eye
   308 | D        | Killed a shining eye
   308 | D        | Reached **** piety under Dithmenos
   308 | D        | Reached skill level 13 in Crossbows
   342 | D        | Arena points: 85 (+63) [x3]
   342 | D        | Reached skill level 10 in Fighting
   342 | D        | Reached XP level 8. HP: 73/79 MP: 8/8
   374 | D        | Round 4.
   384 | D        | Noticed a bog body
   410 | D        | Noticed a bog body
   438 | D        | Noticed a tyrant leech
   442 | D        | Killed from afar by a bog body

Skill      XL: |  1  2  3  4  5  6  7 |
---------------+----------------------+-----
Stealth        | 1 |  1.1
Fighting       | 3 4 6 8 10 | 10.3
Crossbows      | 6 7 10 12 13 | 13.6
Dodging        | 2 3 4 5 6 |  6.9

Action                   |  1- 3 |  4- 6 |  7- 9 || total
-------------------------+-------+-------+-------++-------
Melee: Short sword       |       |     2 |    21 ||    23
       Kick              |       |       |     8 ||     8
 Fire: Hand crossbow     |    16 |    22 |    18 ||    56
Evoke: Wand              |       |     5 |     4 ||     9
  Use: Scroll            |       |       |     4 ||     4
       Potion            |       |       |     3 ||     3
Armor: Leather armour    |     5 |     2 |     6 ||    13
Dodge: Dodged            |     6 |     4 |    24 ||    34
